 Dungeon Crawl Stone Soup version 0.28.0-43-g3370ac3207 (webtiles) character file.

Game seed: 1324131270452383630

176 demenzo the Slasher (level 5, -4/40 HPs)
             Began as a Djinni Gladiator on Mar 18, 2022.
             Slain by a phantom (6 damage)
             ... on level 4 of the Dungeon.
             The game lasted 00:03:40 (4040 turns).

demenzo the Slasher (Djinni Gladiator)              Turns: 4040, Time: 00:03:40

Health: -4/40      AC:  4    Str: 13    XL:     5   Next: 86%
Gold:   142        EV: 13    Int: 11    God:
                   SH:  0    Dex: 15

rFire   + + .      SeeInvis .   a - +0 long sword
rCold   x . .      Faith    .   (no shield)
rNeg    . . .      Spirit   .   b - +0 leather armour
rPois   ∞          Reflect  .   c - +0 helmet
rElec   .          Harm     .   (no cloak)
rCorr   .          Rampage  .   (no gloves)
Will    .....                   (boots unavailable)
Stlth   +.........              (no amulet)
HPRegen 0.13/turn               (no ring)
MPRegen 0.00/turn               (no ring)

@: flying
A: sickness immunity, fire resistance 2, cold vulnerability 1, float, innate
caster, HP casting, extra vitality 1
a: no special abilities


You were on level 4 of the Dungeon.
You visited 1 branch of the dungeon, and saw 4 of its levels.

You collected 142 gold pieces.

Inventory:

Hand Weapons
 a - a +0 long sword (weapon)
Missiles
 d - 3 throwing nets (quivered)
 f - 143 stones
Armour
 b - a +0 leather armour (worn)
 c - a +0 helmet (worn)
Jewellery
 o - an amulet of reflection
 r - a ring of ice
 s - a ring of positive energy
Scrolls
 i - a scroll of acquirement {unknown}
 j - a scroll of amnesia {unknown}
 k - 4 scrolls of identify
 l - a scroll of fear {unknown}
 p - a scroll of enchant weapon {unknown}
 t - a scroll of silence {unknown}
Potions
 e - a potion of magic {unknown}
 g - 2 potions of mutation {unknown}
 h - 3 potions of curing
 m - a potion of attraction {unknown}
 n - 2 potions of lignification {unknown}
 q - a potion of degeneration {unknown}


   Skills:
 + Level 3.1 Fighting
 * Level 4.3 Long Blades
 - Level 1.5 Throwing
 + Level 4.3 Dodging


You had one spell level left.
You knew the following spells:

 Your Spells              Type           Power      Damage    Failure   Level
a - Sandblast             Erth           0%         2d4       41%         1
b - Static Discharge      Conj/Air       0%         N/A       56%         2
Your spell library was empty.

Dungeon Overview and Level Annotations

Branches:
Dungeon (4/15)
 Temple: D:4-7

Altars:


Innate Abilities, Weirdness & Mutations

You are immune to sickness and miasma.
You are immune to poison.
Your flesh is very heat resistant. (rF++)
You are vulnerable to cold. (rC-)
You float through the air rather than walking.
You learn spells naturally, not from books.
Your magical power is your life essence.
You have superior vitality. (+4 MHP)


Message History

You barely miss the phantom.
The phantom is severely damaged.
The phantom hits you.
The phantom blinks!
You blink.
You closely miss the phantom.
The phantom is severely damaged.
The phantom hits you!
The phantom blinks!
You blink.
You barely miss the phantom.
The phantom is severely damaged.
The phantom barely misses you. The phantom completely misses you.
You closely miss the phantom.
The phantom is severely damaged.
The phantom hits you.
The phantom blinks!
You blink.
You miss the phantom.
The phantom is severely damaged.
The phantom hits you.
You closely miss the phantom.
The phantom is severely damaged.
The phantom misses you.
You miss the phantom.
The phantom is severely damaged.
The phantom hits you!
The phantom blinks!
You blink.
You are too injured to fight recklessly!
You are too injured to fight recklessly!
You are too injured to fight recklessly!
You closely miss the phantom.
The phantom is severely damaged.
The phantom hits you.
The phantom blinks!
You blink.
The phantom hits you!
* * * LOW HITPOINT WARNING * * *
The phantom blinks!
You blink.
You closely miss the phantom.
The phantom is severely damaged.
The phantom barely misses you.
You closely miss the phantom.
The phantom is severely damaged.
The phantom hits you.
* * * LOW HITPOINT WARNING * * *
You hit the phantom but do no damage.
The phantom is severely damaged.
The phantom hits you.
You die...

##.....##
##...##
##.## #!#
#.# #.# #:#
#W#######.#
#.@<).....#
###########


You could see a phantom.

Vanquished Creatures
  An orc priest (D:2)
  A gnoll (D:2)
  6 adders
  A worm (D:2)
  3 dart slugs
  4 orcs (D:2)
  3 ball pythons
  7 endoplasms
  5 giant cockroaches
  7 goblins
  7 hobgoblins
  8 kobolds
  2 quokkas
  7 bats
  A frilled lizard (D:1)
  7 rats
70 creatures vanquished.

Vanquished Creatures (others)
  13 demonic plants (D:2)
  2 fungi (D:2)
  6 plants (D:2)
  8 withered plants (D:2)
29 creatures vanquished.

Grand Total: 99 creatures vanquished

Notes
Turn   | Place    | Note
-------+----------+-------------------------------------------
     0 | D:1      | demenzo the Djinni Gladiator began the quest for the Orb.
     0 | D:1      | Reached XP level 1. HP: 18/18 MP: 0/0
   358 | D:1      | Reached XP level 2. HP: 23/23 MP: 0/0
   615 | D:1      | Reached XP level 3. HP: 29/29 MP: 0/0
   615 | D:1      | Learned a level 1 spell: Sandblast
  1428 | D:2      | Reached XP level 4. HP: 31/34 MP: 0/0
  1794 | D:2      | Reached XP level 5. HP: 26/40 MP: 0/0
  1794 | D:2      | Learned a level 2 spell: Static Discharge
  2038 | D:2      | Found a faded altar of an unknown god.
  4024 | D:4      | Noticed a phantom
  4039 | D:4      | HP: 2/40 [phantom (4)]
  4040 | D:4      | Slain by a phantom

Illustrated notes

Levels and vault maps discovered:
D:1:      ebering_hopf_link, layout_basic
D:2:      layout_loops_ring, shapermc_ecumenical_altar_gd,
          chequers_serial_rivers_room_a, kennysheep_generic_room_5
D:3:      layout_loops_corners, hex_large
D:4:      layout_loops_ring, grunt_ministairs_2

Skill      XL: |  1  2  3  4  5 |
---------------+----------------+-----
Long Blades    | 3 4 |  4.3
Dodging        | 4 |  4.3
Fighting       | 3 |  3.1
Throwing       | |  1.5

Action                   |  1- 3 |  4- 6 || total
-------------------------+-------+-------++-------
Melee: Long sword        |    90 |   126 ||   216
  Use: Scroll            |       |     1 ||     1
 Stab: Sleeping          |       |     1 ||     1
Armor: Leather armour    |    24 |    37 ||    61
Dodge: Dodged            |    57 |    72 ||   129
